 Dungeon Crawl Stone Soup version 0.29-a0-23-ga79f92ac9c (webtiles) character file.

Game seed: 13637666044300015996

16 HallandMoats the Skirmisher (level 2, 0/26 HPs)
             Began as a Ghoul Monk on Jan 30, 2022.
             Slain by a goblin (3 damage)
             ... on level 1 of the Dungeon.
             The game lasted 00:00:33 (329 turns).

HallandMoats the Skirmisher (Ghoul Monk)             Turns: 329, Time: 00:00:34

Health: 0/26       AC:  2    Str: 14    XL:     2   Next: 54%
Magic:  1/1        EV: 12    Int:  5    God:
Gold:   0          SH:  0    Dex: 11    Spells: 1/1 levels left

rFire   . . .      SeeInvis .     - Unarmed
rCold   + . .      Faith    .   (no shield)
rNeg    + + +      Spirit   .   a - +0 robe
rPois   ∞          Reflect  .   (no helmet)
rElec   .          Harm     .   (no cloak)
rCorr   .          Rampage  .   (no gloves)
Will    .....                   (no boots)
Stlth   ++........              (no amulet)
HPRegen 0.00/turn               (no ring)
MPRegen 0.07/turn               (no ring)

@: inhibited regen
A: claws 1, cold resistance 1, negative energy resistance 3, inhibited
regeneration, torment resistance 2
a: no special abilities


You were on level 1 of the Dungeon.
You visited 1 branch of the dungeon, and saw 1 of its levels.

Inventory:

Armour
 a - a +0 robe (worn)
Scrolls
 b - a scroll of acquirement {unknown}


   Skills:
 * Level 3.6 Fighting
 + Level 0.3 Armour
 + Level 2.8 Dodging
 - Level 2.1 Stealth
 + Level 3.4 Unarmed Combat
 * Level 1.1 Invocations


You had one spell level left.
You didn't know any spells.
Your spell library was empty.

Dungeon Overview and Level Annotations

Branches:
Dungeon (1/15)

Altars:


Innate Abilities, Weirdness & Mutations

You thrive by killing the living.
You are immune to poison.
You have sharp fingernails.
Your flesh is cold resistant. (rC+)
You are immune to negative energy. (rN+++)
You do not regenerate when monsters are visible.
You are immune to unholy pain and torment.


Message History

You barely miss the kobold. Your claw misses the kobold.
You scratch the kobold.
You kill the kobold!
You feel better.
The frilled lizard hisses.
Your Invocations skill increases to level 1!
You scratch the frilled lizard but do no damage.
The frilled lizard barely misses you.
You closely miss the frilled lizard. The frilled lizard barely misses you.
You scratch the frilled lizard.
The frilled lizard is heavily wounded.
The frilled lizard barely misses you.
You closely miss the frilled lizard.
You claw the frilled lizard, but do no damage.
The frilled lizard is heavily wounded.
The frilled lizard misses you.
You scratch the frilled lizard.
You kill the frilled lizard!
You scratch the endoplasm.
The endoplasm is almost dead.
The endoplasm closely misses you.
You scratch the endoplasm but do no damage.
The endoplasm is almost dead.
The endoplasm freezes you.
You are frozen.
You resist.
* * * LOW HITPOINT WARNING * * *
You scratch the endoplasm.
You kill the endoplasm!
You feel better.
You scratch the dart slug.
The dart slug is heavily wounded.
You scratch the dart slug.
The dart slug is heavily wounded.
The dart slug launches a dart at you. The slug dart hits you.
* * * LOW HITPOINT WARNING * * *
You claw the dart slug!
You kill the dart slug!
You closely miss the goblin. The goblin hits you with a +0 club.
You die...

#........... ##........#.#
............ ...........
##........# #........w#
.[..#.).#.# .###
#.g.?)....########### ...
##..........g@....... #.
######..############ # #..# #
.#######..# ##### ###
..........# ... #..
########..# ###.#.######.#
##..###### #...#.........
#........###.#####..#.#.# #
#####...####.......#....#....


You could see a goblin.

Vanquished Creatures
  A dart slug (D:1)
  A bat (D:1)
  2 endoplasms (D:1)
  3 goblins (D:1)
  A hobgoblin (D:1)
  2 frilled lizards (D:1)
  2 kobolds (D:1)
  A rat (D:1)
13 creatures vanquished.

Vanquished Creatures (others)
  9 plants (D:1)
9 creatures vanquished.

Grand Total: 22 creatures vanquished

Notes
Turn   | Place    | Note
-------+----------+-------------------------------------------
     0 | D:1      | HallandMoats the Ghoul Monk began the quest for the Orb.
     0 | D:1      | Reached XP level 1. HP: 19/19 MP: 0/0
   173 | D:1      | Reached XP level 2. HP: 17/26 MP: 1/1
   318 | D:1      | Reached skill level 1 in Invocations
   329 | D:1      | Slain by a goblin

Illustrated notes

Levels and vault maps discovered:
D:1:      roderic_chinese_lattice_arrival, layout_loops_ring, moated_statue,
          serial_bayou_lake_a

Skill      XL: |  1  2 |
---------------+-------+-----
Invocations    | 1 |  1.1
Fighting       | |  3.6
Armour         | |  0.3
Dodging        | |  2.8
Stealth        | |  2.1
Unarmed Combat | |  3.4

Action                   || total
-------------------------++-------
Melee: Unarmed           ||    63
       Punch             ||     1
 Stab: Sleeping          ||     1
Armor: Robe              ||     3
Dodge: Dodged            ||    31

Table legend: (Time is in decaauts)
 A = Elapsed time spent in this place.
 B = Non-inter-level travel time spent in this place.
 C = Inter-level travel time spent in this place.
 D = Time resting spent in this place.
 E = Time spent auto-exploring this place.
 F = Levels seen in this place.
 G = Mean time per level.
                   A        B        C        D        E       F      G
               +--------+--------+--------+--------+--------+-----+--------+
         Total |    327 |    327 |      0 |    147 |     84 |   1 |  327.0 |
       Dungeon |    327 |    327 |      0 |    147 |     84 |   1 |  327.0 |
               +--------+--------+--------+--------+--------+-----+--------+

Top non-repeatable levels by time:
     D:1: 327 daAuts
